 Dungeon Crawl Stone Soup version 0.30-a0-883-g5ad918d77d (webtiles) character file.

Game seed: 13950551321604794189

100 Pimp the Gusty (level 4, -2/34 HPs)
             Began as a Draconian Air Elementalist on Mar 16, 2023.
             Slain by Grinder (6 damage)
             ... while paralysed by Grinder
             ... on level 3 of the Dungeon.
             The game lasted 00:08:31 (2139 turns).

Pimp the Gusty (Draconian Air Elementalist)         Turns: 2139, Time: 00:08:32

Health: -2/34      AC:  5    Str: 10    XL:     4   Next: 46%
Magic:  1/7        EV:  2    Int: 23    God:
Gold:   188        SH:  0    Dex: 12    Spells: 2/8 levels left

rFire   . . .      SeeInvis .    a - +2 short sword (venom)
rCold   . . .      Faith    .    (no shield)
rNeg    . . .      Spirit   .    (body armour unavailable)
rPois   .          Reflect  .    (helmet restricted)
rElec   .          Rampage  .    (no cloak)
rCorr   +                        (no gloves)
Will    .....                    (no boots)
Stlth   ++                       (no amulet)
HPRegen 0.25/turn                f - ring of resist corrosion
MPRegen 0.10/turn                p - +6 ring of intelligence

@: paralysed
A: AC +5, unfitting armour, cold-blooded
a: no special abilities


You were on level 3 of the Dungeon.
You visited 1 branch of the dungeon, and saw 3 of its levels.

You collected 188 gold pieces.

Inventory:

Hand Weapons
 a - a +2 short sword of venom (weapon)
 c - a +0 short sword
 g - a +0 dagger of freezing
Missiles
 b - 4 atropa-tipped darts
Magical Staves
 o - a staff of air
Jewellery
 f - a ring of resist corrosion (left hand)
 p - a +6 ring of intelligence (right hand)
Scrolls
 d - 2 scrolls of magic mapping
 e - a scroll of fear
 i - a scroll of teleportation
 m - a scroll of immolation {unknown}
Potions
 h - a potion of haste {unknown}
 j - a potion of might
 l - a potion of flight {unknown}
 n - a potion of ambrosia {unknown}


   Skills:
 + Level 0.9 Fighting
 + Level 0.8 Short Blades
 + Level 2.3 Dodging
 + Level 2.4 Stealth
 + Level 2.5 Spellcasting
 + Level 1.9 Conjurations
 + Level 3.5 Air Magic


You had 2 spell levels left.
You knew the following spells:

 Your Spells              Type           Power      Damage    Failure   Level
a - Shock                 Conj/Air       60%        1d6       4%          1
b - Static Discharge      Conj/Air       30%        2-4/arc   6%          2
c - Swiftness             Air            19%        N/A       9%          3

Your spell library contained the following spells:

 Spells                   Type           Power      Damage    Failure   Level
 Airstrike                Air            9%         2d(2-18)  28%         4


Dungeon Overview and Level Annotations

Branches:
Dungeon (3/15)

Altars:

Annotations:
D:3 Grinder


Innate Abilities, Weirdness & Mutations

Your plain brown scales are hard. (AC +5)
You cannot fit into any form of body armour.
You are cold-blooded and may be slowed by cold attacks.


Message History

Grinder closely misses you.
You hit Grinder but do no damage.
Grinder is poisoned.
Grinder is moderately wounded.
Grinder hits you!
* * * LOW HITPOINT WARNING * * *
You writhe in agony.
* * * LOW HITPOINT WARNING * * *
You feel much better. Grinder gestures at you.
You suddenly lose the ability to move!
Grinder hits you but does no damage.
You can move again.
Grinder attacks as you move away! Grinder hits you! Grinder gestures at you.
You resist with significant effort.
There is a stone staircase leading up here.
Casting: Shock (safe; 4% risk of failure)
Confirm with . or Enter, or press ? or * to list all spells.
Aiming: Shock (safe; 4% risk of failure)
Press: ? - help, Shift-Dir - straight line, f/p - Grinder
Aim: Grinder (heavily wounded, very poisoned, 68% to hit)
The zap hits Grinder.
Grinder is heavily wounded.
Grinder gestures at you.
You shrug off the repeated paralysis!
Unknown command.
Grinder barely misses you.
You hit Grinder.
Grinder is severely wounded.
Grinder gestures at you.
You suddenly lose the ability to move!
Grinder barely misses you. Grinder gestures at you.
You resist with significant effort. Grinder hits you.
You writhe in agony.
* * * LOW HITPOINT WARNING * * *
Grinder hits you.
* * * LOW HITPOINT WARNING * * *
You writhe in agony.
You die...

## .# ..# #. .# #.#
#. .# #.# .###.#
#########.# ##...###
........#.# #......##
#######.#.# #..<....#
#
####.#.#####.@.###..#
# ##....#<......5.#
###.###.#.#####...#
....# #.#.## #...#
###.###....##
#...###.#
##......#.###.[.....
##.###.##.##...###
#.# #.##......# #
#.###.##.##.#.#


You could see Grinder (poisoned).

Vanquished Creatures
  An orc priest (D:2)
  A gnoll (D:2)
  2 worms (D:2)
  5 orcs (D:2)
  6 bats
  6 endoplasms (D:1)
  A giant cockroach (D:2)
  4 goblins
  2 hobgoblins
  4 jackals (D:1)
  2 quokkas
  A ball python (D:1)
  2 frilled lizards
  5 kobolds
  8 rats
50 creatures vanquished.

Notes
Turn   | Place    | Note
-------+----------+-------------------------------------------
     0 | D:1      | Pimp the Draconian Air Elementalist began the quest for the
                  | Orb.
     0 | D:1      | Reached XP level 1. HP: 14/14 MP: 3/3
   254 | D:1      | Reached XP level 2. HP: 20/20 MP: 3/5
   739 | D:1      | Reached XP level 3. HP: 26/26 MP: 3/6
   746 | D:1      | Learned a level 2 spell: Static Discharge
   750 | D:1      | Learned a level 3 spell: Swiftness
  1310 | D:2      | Reached XP level 4. HP: 23/34 MP: 3/7
  2086 | D:3      | Found a faded altar of an unknown god.
  2110 | D:3      | Noticed Grinder
  2130 | D:3      | Paralysed by Grinder for 2 turns
  2135 | D:3      | Paralysed by Grinder for 5 turns
  2139 | D:3      | Slain by Grinder

Illustrated notes

Levels and vault maps discovered:
D:1:      dpeg_arrival_pits, layout_loops_ring, st_stairs_3,
          hangedman_decor_clover_reticule, minmay_splitting_lines,
          grunt_decor_arrowhead
D:2:      cheibrodos_pilgrimage, layout_loops_ring, minmay_split_cup_large
D:3:      layout_loops_ring, marbit_many_paths, mainiacjoe_overflow_catwalk,
          serial_shops, shop, nicolae_ecumenical_lake_church,
          amcnicky_mini_rare_corridor_liquid, uniq_crazy_yiuf_cottage,
          uniq_jessica, uniq_terence, uniq_grinder

Skill      XL: |  1  2 |
---------------+-------+-----
Stealth        | 2 |  2.4
Dodging        | 2 |  2.3
Fighting       | |  0.9
Short Blades   | |  0.8
Spellcasting   | |  2.5
Conjurations   | |  1.9
Air Magic      | |  3.5

Action                     |  1- 3 |  4- 6 || total
---------------------------+-------+-------++-------
  Melee: Short sword       |    55 |    24 ||    79
         Tailslap          |     9 |     6 ||    15
         Dagger            |    26 |     5 ||    31
         Punch             |     2 |       ||     2
   Cast: Shock             |    47 |     8 ||    55
         Static Discharge  |       |     4 ||     4
    Use: Scroll            |     4 |     1 ||     5
         Potion            |     2 |     1 ||     3
   Stab: Sleeping          |     2 |     2 ||     4
 Armour: Skin              |    31 |    11 ||    42
  Dodge: Dodged            |    65 |    15 ||    80

Table legend: (Time is in decaauts)
 A = Elapsed time spent in this place.
 B = Non-inter-level travel time spent in this place.
 C = Inter-level travel time spent in this place.
 D = Time resting spent in this place.
 E = Time spent auto-exploring this place.
 F = Levels seen in this place.
 G = Mean time per level.
                   A        B        C        D        E       F      G
               +--------+--------+--------+--------+--------+-----+--------+
         Total |   2137 |   2092 |     45 |    331 |   1240 |   3 |  712.3 |
       Dungeon |   2137 |   2092 |     45 |    331 |   1240 |   3 |  712.3 |
               +--------+--------+--------+--------+--------+-----+--------+

Top non-repeatable levels by time:
     D:1: 1074 daAuts
     D:2: 939 daAuts
     D:3: 124 daAuts
